 Dungeon Crawl Stone Soup version 0.29.0-11-gd7f09526c8 (webtiles) character file.

Game seed: 3548355791174657530

14646 sanka the Fighter (level 11, -10/91 HPs)
             Began as a Demigod Delver on Sept 6, 2022.
             Mangled by a gargoyle
             ... wielding a +0 mace
              (16 damage)
             ... on level 12 of the Dungeon.
             The game lasted 00:20:40 (15943 turns).

sanka the Fighter (Demigod Delver)                 Turns: 15943, Time: 00:20:40

Health: -10/91     AC: 13    Str: 13    XL:     11   Next: 60%
Magic:  14/14      EV: 16    Int: 24    God:
Gold:   474        SH:  0    Dex: 17    Spells: 10/10 levels left

rFire   . . .      SeeInvis .     - Unarmed
rCold   . . .      Faith    .   (no shield)
rNeg    . . .      Spirit   .   e - +3 ring mail of the Marlin {Dex+2}
rPois   +          Reflect  .   i - +2 helmet
rElec   .          Harm     .   q - +0 cloak
rCorr   .          Rampage  .   (no gloves)
Will    +++..                   (no boots)
Stlth   ++........              (no amulet)
HPRegen 0.25/turn               t - +4 ring of slaying
MPRegen 0.14/turn               O - ring of willpower

@: no status effects
A: high MP 1, forlorn, divine attributes, talons 1, frail 1, strong-willed 1,
poison resistance, shaggy fur 1
a: no special abilities


You were on level 12 of the Dungeon.
You visited 1 branch of the dungeon, and saw 12 of its levels.

You collected 692 gold pieces.
You spent 218 gold pieces at shops.


Innate Abilities, Weirdness & Mutations

You have an increased reservoir of magic. (+10% MP)
You shall have no god before yourself.
Your divine heritage dramatically boosts your attributes as you level up.
You have sharp toenails.
You are frail. (-10% HP)
You are strong-willed. (Will+)
Your system is resistant to poisons. (rPois)
You are covered in fur. (AC +1)


   Skills:
 + Level 11.1 Fighting
 + Level 10.8 Dodging
 - Level 4.5 Stealth
 - Level 10.0 Unarmed Combat


You had 10 spell levels left.
You didn't know any spells.
Your spell library contained the following spells:

 Spells                   Type           Power      Damage    Failure   Level
 Freeze                   Ice            0%         1d3       32%         1
 Sublimation of Blood     Necr           0%         N/A       43%         2
 Frozen Ramparts          Ice            0%         1d1       67%         3
 Animate Dead             Necr           0%         N/A       97%         4
 Hailstorm                Conj/Ice       0%         3d3       97%         4
 Petrify                  Tmut/Erth      0%         N/A       97%         4
 Borgnjor's Vile Clutch   Necr/Erth      0%         N/A       100%        5
 Irradiate                Conj/Tmut      0%         3d11      100%        5
 Death Channel            Necr           0%         N/A       100%        6

Inventory:

Hand Weapons
 a - the +9 rapier of Ecrup {spect, rC+} When its wielder attacks, the weapon's spirit leaps out and strikes again. The spirit shares a part of any damage it takes with its wielder. rC: It protects you from cold.
 G - the +8 glaive "Usaylif" {vorpal, rElec}

   It inflicts extra damage upon your enemies.
   rElec:     It insulates you from electricity.
Missiles
 u - a throwing net {=f}
 T - 5 javelins (quivered)
Armour
 e - the +3 ring mail of the Marlin (worn) {Dex+2}

   Dex:       It affects your dexterity (+2).
 i - a +2 helmet (worn)
 k - +0 acid dragon scales
 q - a +0 cloak (worn)
 x - a scarf of resistance
Magical Staves
 M - a staff of death
 U - a staff of earth
 Y - a staff of conjuration {!a}
Jewellery
 j - a ring of see invisible
 l - a ring of resist corrosion
 t - a +4 ring of slaying (left hand)
 O - a ring of willpower (right hand)
 W - a ring of protection from fire
 X - a +6 ring of intelligence
Wands
 f - a wand of digging (3)
 m - a wand of flame (28)
 H - a wand of polymorph (12)
 I - a wand of charming (20)
 J - a wand of acid (15)
Scrolls
 b - a scroll of fog
 c - 4 scrolls of magic mapping
 d - 4 scrolls of blinking
 h - 2 scrolls of silence {!r}
 o - 3 scrolls of amnesia
 s - 8 scrolls of teleportation {@r4}
 y - a scroll of butterflies
 z - a scroll of torment {!r}
 A - 3 scrolls of vulnerability {!r}
 D - 2 scrolls of enchant armour
 L - 3 scrolls of enchant weapon
 P - 2 scrolls of noise {unknown}
 Q - 2 scrolls of fear
 S - 2 scrolls of poison
Potions
 g - a potion of lignification {!q}
 n - a potion of cancellation {unknown}
 p - 3 potions of might {unknown}
 r - 2 potions of curing {unknown}
 v - 2 potions of degeneration {unknown}
 w - a potion of experience {unknown}
 B - a potion of berserk rage {unknown}
 C - 2 potions of invisibility {unknown}
 E - 3 potions of brilliance
 F - a potion of resistance {unknown}
 K - 5 potions of heal wounds {@q2}
 N - a potion of attraction {unknown}
 R - a potion of magic {unknown}
 V - a potion of flight {unknown}

Dungeon Overview and Level Annotations

Branches:
Dungeon (12/15)            Temple (0/1) D:7            Lair (0/5) D:8
    Orc (0/2) D:10

Shops:
D:4 (

Annotations:
D:9 3 runed translucent doors

...........▒
..........▒▒ ........
...▒▒.....▒▒ . ... ....
...........▒.. .......
.)..<......... ▒.▒..▒
.............. ▒.▒..▒▒
▒.▒...........▒▒▒.....▒
▒▒▒.............9.....▒
▒▒............▒.p.....▒
..............▒▒.▒▒▒▒▒▒
...▒▒..▒..........▒▒
...▒............▒..▒▒▒▒
...▒........>...▒.....▒
▒.....................▒
▒▒▒...................▒
▒▒...............>....▒
▒.....................▒


You could see a gargoyle.


Message History

* * * LOW HITPOINT WARNING * * *
You hit the gargoyle but do no damage.
The gargoyle is severely damaged.
The gargoyle hits you with a +0 mace!
* * * LOW HITPOINT WARNING * * *
It was a potion of heal wounds.
The gargoyle hits you but does no damage.
You hit the gargoyle.
You claw the gargoyle, but do no damage.
The gargoyle is severely damaged.
The gargoyle hits you with a +0 mace!
* * * LOW HITPOINT WARNING * * *
You hit the gargoyle but do no damage.
You claw the gargoyle, but do no damage.
The gargoyle is severely damaged.
The gargoyle hits you with a +0 mace.
* * * LOW HITPOINT WARNING * * *
You hit the gargoyle.
You claw the gargoyle, but do no damage.
The gargoyle is severely damaged.
You hit the gargoyle but do no damage.
You claw the gargoyle, but do no damage.
The gargoyle is severely damaged.
The gargoyle hits you with a +0 mace!
* * * LOW HITPOINT WARNING * * *
You hit the gargoyle but do no damage.
You claw the gargoyle, but do no damage.
The gargoyle is severely damaged.
The gargoyle hits you with a +0 mace!
You die...

Action                   |  1- 3 |  4- 6 |  7- 9 | 10-12 || total
-------------------------+-------+-------+-------+-------++-------
Melee: Unarmed           |   134 |   115 |   301 |   320 ||   870
       Kick              |    18 |    29 |    93 |   147 ||   287
       Punch             |     3 |     3 |    11 |    24 ||    41
Throw: Javelin           |       |       |     2 |    17 ||    19
Evoke: Wand              |       |       |     3 |       ||     3
  Use: Potion            |     3 |       |     2 |     1 ||     6
       Scroll            |     1 |       |       |    11 ||    12
 Stab: Sleeping          |     9 |    10 |    12 |       ||    31
       Distracted        |       |     1 |     3 |       ||     4
Armor: Leather armour    |    13 |       |       |       ||    13
       Ring mail         |    45 |    41 |    66 |    65 ||   217
Dodge: Dodged            |    71 |    52 |   127 |   166 ||   416

Levels and vault maps discovered:
D:1:      onia_arrival_handbag, layout_loops_ring, basic_ecumenical_altar
D:2:      layout_loops_ring, serial_forest, infiniplex_forest_lined_room_,
          infiniplex_forest_pool, infiniplex_forest_corner_1,
          infiniplex_forest_corner_2, infiniplex_forest_clump_small,
          infiniplex_forest_end_2, kennysheep_generic_room_6
D:3:      layout_basic, uniq_grinder, uniq_jessica
D:4:      layout_loops_ring, serial_shops, nicolae_shop_trees, minivault_26,
          minmay_statues_item, grunt_decor_one_mirror, hangedman_feature_mirror,
          minmay_mini_ossuary
D:5:      layout_rooms
D:6:      layout_loops_corners
D:7:      layout_gridville, minmay_temple_entry_overgrown
D:8:      layout_basic, grunt_lair_entry_orc_guard_hut
D:9:      layout_gridville, ploomutoo_gammafunk_ghost_potion_laboratory
D:10:     layout_roguey, nicolae_overflow_hidden_temple, zombieorc2_lemuel
D:11:     minmay_evil_eye, layout_long_grid
D:12:     layout_cave_pools, nicolae_trove_entry_columns

Notes
Turn   | Place    | Note
-------+----------+-------------------------------------------
     0 | D:5      | sanka the Demigod Delver began the quest for the Orb.
     0 | D:5      | Reached XP level 1. HP: 18/18 MP: 3/3
     4 | D:5      | Noticed a jelly
    18 | D:5      | Noticed a necrophage
    29 | D:5      | Noticed a howler monkey
    61 | D:4      | Noticed a hound
   115 | D:4      | Noticed an orc priest
   165 | D:4      | Reached skill level 2 in Unarmed Combat
   443 | D:3      | Noticed Jessica
   502 | D:3      | Gained mutation: Your system is resistant to poisons.
                  | (rPois) [potion of mutation]
   502 | D:3      | Gained mutation: Your body sometimes deteriorates upon
                  | taking damage. [potion of mutation]
   502 | D:3      | Gained mutation: You have a pair of small antennae on your
                  | head. [potion of mutation]
   515 | D:3      | Reached XP level 2. HP: 6/25 MP: 4/4
   945 | D:3      | Identified the +3 ring mail of the Marlin {Dex+2}
  1191 | D:3      | Lost mutation: Your body sometimes deteriorates upon taking
                  | damage. [potion of mutation]
  1191 | D:3      | Lost mutation: You have a pair of small antennae on your
                  | head. [potion of mutation]
  1191 | D:3      | Gained mutation: You are frail. (-10% HP) [potion of
                  | mutation]
  1191 | D:3      | Gained mutation: You have hidden genetic potential. [potion
                  | of mutation]
  1191 | D:3      | Gained mutation: You have sharp toenails. [potion of
                  | mutation]
  1310 | D:3      | Reached skill level 3 in Unarmed Combat
  1349 | D:3      | Reached XP level 3. HP: 27/27 MP: 5/5
  1376 | D:3      | Gained mutation: You are strong-willed. (Will+) [hidden
                  | potential]
  1380 | D:3      | Noticed Grinder
  1739 | D:2      | Reached skill level 4 in Unarmed Combat
  2018 | D:1      | Reached XP level 4. HP: 33/33 MP: 6/6
  2668 | D:2      | Gained mutation: You are covered in fur. (AC +1) [hidden
                  | potential]
  2668 | D:2      | Lost mutation: You have hidden genetic potential. [hidden
                  | potential expressed]
  3219 | D:3      | Killed Jessica
  3452 | D:3      | HP: 1/33 [Grinder/nerve-wracking pain (9)]
  3455 | D:3      | Killed Grinder
  3456 | D:3      | Reached skill level 6 in Unarmed Combat
  3456 | D:3      | Reached XP level 5. HP: 1/37 MP: 7/7
  3456 | D:3      | Reached XP level 6. HP: 2/45 MP: 8/8
  4080 | D:4      | Identified a scarf of resistance
  4302 | D:4      | Found Ideatt's Antique Weapon Shop.
  4858 | D:4      | Reached skill level 7 in Unarmed Combat
  4896 | D:5      | Noticed a yak
  4897 | D:5      | Noticed a yak
  4899 | D:5      | Noticed a yak
  4900 | D:5      | Noticed a yak
  4919 | D:4      | Killed a yak
  4920 | D:4      | Reached XP level 7. HP: 13/50 MP: 9/9
  5202 | D:5      | Reached skill level 8 in Unarmed Combat
  5568 | D:4      | Killed a yak
  5569 | D:4      | Reached skill level 9 in Unarmed Combat
  5649 | D:4      | Killed a yak
  5650 | D:4      | Reached XP level 8. HP: 55/55 MP: 10/10
  5967 | D:4      | Bought a faintly glowing glaive for 218 gold pieces
  5967 | D:4      | Identified the +8 glaive "Usaylif" {vorpal, rElec} (You
                  | bought it in a shop on level 4 of the Dungeon)
  6218 | D:6      | Reached skill level 10 in Unarmed Combat
  6354 | D:6      | Reached skill level 3 in Fighting
  6354 | D:6      | Reached skill level 2 in Dodging
  6702 | D:6      | Reached skill level 3 in Dodging
  6798 | D:6      | Reached skill level 4 in Fighting
  7149 | D:6      | Reached skill level 4 in Dodging
  7464 | D:7      | Reached XP level 9. HP: 63/65 MP: 11/11
  7597 | D:7      | Reached skill level 5 in Fighting
  7695 | D:7      | Reached skill level 5 in Dodging
  8618 | D:7      | Reached skill level 6 in Fighting
  8770 | D:7      | Found a staircase to the Ecumenical Temple.
  8808 | D:8      | Reached skill level 6 in Dodging
  8828 | D:8      | Identified the +9 rapier of Ecrup {spect, rC+}
  9010 | D:8      | Found a staircase to the Lair.
  9025 | D:8      | Reached skill level 7 in Fighting
  9806 | D:8      | Reached skill level 7 in Dodging
  9811 | D:8      | HP: 6/62 [wight/+4 halberd (6)]
 10273 | D:9      | Found a runed translucent gate.
 10273 | D:9      | Found a runed translucent gate.
 10273 | D:9      | Found a runed translucent gate.
 10273 | D:9      | Noticed a green ugly thing
 10273 | D:9      | Noticed a brown ugly thing
 10274 | D:9      | Noticed a glowing orange brain
 10277 | D:9      | Noticed a purple ugly thing
 10278 | D:9      | Noticed a white ugly thing
 10278 | D:9      | Noticed a green ugly thing
 10429 | D:9      | Reached XP level 10. HP: 70/72 MP: 13/13
 10783 | D:9      | Reached skill level 8 in Fighting
 11000 | D:9      | Reached skill level 8 in Dodging
 11149 | D:9      | Noticed a red ugly thing
 11222 | D:10     | Entered Level 10 of the Dungeon
 11407 | D:10     | Found a staircase to the Orcish Mines.
 11708 | D:10     | Reached skill level 9 in Fighting
 12091 | D:10     | Noticed a two-headed ogre
 12104 | D:10     | Killed a two-headed ogre
 12105 | D:10     | Reached skill level 9 in Dodging
 12499 | D:10     | Noticed a two-headed ogre
 12513 | D:10     | Killed a two-headed ogre
 12995 | D:11     | Reached XP level 11. HP: 81/87 MP: 14/14
 13116 | D:11     | Noticed a two-headed ogre
 13123 | D:11     | Killed a two-headed ogre
 13204 | D:11     | Noticed a two-headed ogre
 13214 | D:11     | Killed a two-headed ogre
 13370 | D:11     | Identified +0 acid dragon scales
 13371 | D:11     | Reached skill level 10 in Fighting
 14005 | D:11     | Noticed a two-headed ogre
 14013 | D:11     | Killed a two-headed ogre
 14014 | D:11     | Reached skill level 10 in Dodging
 14719 | D:11     | Noticed a two-headed ogre
 14726 | D:11     | Killed a two-headed ogre
 15122 | D:12     | Noticed a skeletal warrior
 15123 | D:12     | Noticed a skeletal warrior
 15483 | D:12     | Reached skill level 11 in Fighting
 15867 | D:12     | Noticed a skeletal warrior
 15937 | D:12     | HP: 2/91 [gargoyle/+0 mace (12)]
 15942 | D:12     | HP: 5/91 [gargoyle/+0 mace (8)]
 15943 | D:12     | Mangled by a gargoyle

Vanquished Creatures
  6 two-headed ogres
  2 cyclopes (D:12)
  A gargoyle (D:12)
  An unseen horror (D:11)
  A komodo dragon (D:11)
  5 trolls
  Grinder (D:3)
  4 slime creatures (D:10)
  A hornet (D:8)
  13 yaks
  3 wraiths
  2 wyverns
  3 shadows (D:10)
  A vampire mosquito (D:11)
  A two-headed ogre zombie (D:10)
  2 water moccasins
  An acid dragon (D:11)
  5 orc warriors
  2 sky beasts (D:7)
  An ice beast (D:6)
  An ogre (D:7)
  6 centaurs
  A phantom (D:10)
  A kobold brigand (D:8)
  4 bullfrogs
  A gnoll sergeant (D:6)
  2 necrophages
  5 scorpions
  A troll zombie (D:10)
  9 wights
  3 howler monkeys
  5 jellies
  4 orc priests
  2 hounds (D:4)
  Jessica (D:3)
  2 iguanas
  9 orc wizards
  6 ogre zombies (D:10)
  A mummy (D:4)
  7 gnolls
  9 adders
  4 white imps
  A worm (D:4)
  A dart slug (D:4)
  26 orcs
  4 ball pythons
  4 bats (D:3)
  4 endoplasms
  2 giant cockroaches
  5 goblins
  6 hobgoblins
  2 jackals (D:3)
  6 quokkas
  2 frilled lizards
  5 goblin skeletons (D:10)
  2 goblin zombies (D:10)
  A hobgoblin skeleton (D:10)
  4 hobgoblin zombies
  13 kobolds
  A kobold zombie (D:4)
  An orc skeleton (D:10)
  15 orc zombies
  8 rats
253 creatures vanquished.

Vanquished Creatures (others)
  A fungus (D:8)
  4 plants (D:8)
5 creatures vanquished.

Grand Total: 258 creatures vanquished
